 Dungeon Crawl Stone Soup version 0.22.1-1-ga44c0e5 (webtiles) character file.

83963 brandon the Eclecticist (level 15, -8/95 HPs)
             Began as a Deep Elf Fire Elementalist on Oct 6, 2018.
             Was a High Priest of Vehumet.
             Mangled by a wolf spider (14 damage)
             ... on level 2 of the Spider Nest.
             The game lasted 02:35:08 (39150 turns).

brandon the Eclecticist (DEFE)                     Turns: 39150, Time: 02:35:09

Health: -8/95      AC: 10    Str: 10      XL:     15   Next: 33%
Magic:  15/40      EV: 12    Int: 25 (27) God:    Vehumet [*****.]
Gold:   1486       SH:  6    Dex: 15      Spells: 13/52 levels left

rFire    + + .     SeeInvis +   s - staff of wizardry
rCold    + + .     Gourm    +   X - +2 buckler {rC+}
rNeg     . . .     Faith    .   F - +2 robe {rC+ rF+}
rPois    .         Spirit   .   M - +0 helmet
rElec    .         Reflect  .   p - +0 cloak
rCorr    .         Harm     .   y - +3 pair of gauntlets of War {Slay+5}
MR       +....     Clarity  +   (no boots)
Stlth    +++++.....             I - amulet of Icraot {Gourm rF+ Str+5}
HPRegen  0.25/turn              n - ring of see invisible
MPRegen  0.27/turn              R - ring of stealth

@: no status effects
A: blurry vision 2, clarity, MP-powered wands
a: Renounce Religion


You were on level 2 of the Spider Nest.
You worshipped Vehumet.
Vehumet was extremely pleased with you.
You were not hungry.

You visited 5 branches of the dungeon, and saw 23 of its levels.
You also visited: Ice Cave and Volcano.

You collected 2067 gold pieces.
You spent 581 gold pieces at shops.

Inventory:

Hand Weapons
 Y - a +5 demon whip of draining
Missiles
 h - 10 steel tomahawks (quivered)
Armour
 p - a +0 cloak (worn)
 y - the +3 pair of gauntlets of War (worn) {Slay+5}
   (You found it in an ice cave)

   It affects your accuracy and damage with ranged weapons and melee attacks
   (+5).
 D - +0 steam dragon scales
 F - a +2 robe of resistance (worn)
 M - a +0 helmet (worn)
 S - a +2 crystal plate armour of cold resistance
 X - a +2 buckler of cold resistance (worn)
Magical Staves
 s - an uncursed staff of wizardry (weapon)
Jewellery
 f - an uncursed ring of wizardry
 g - an uncursed ring of protection from cold
 n - a ring of see invisible (left hand)
 B - an uncursed ring of resist corrosion
 I - the amulet of Icraot (around neck) {Gourm rF+ Str+5}
   (You found it on level 3 of the Lair of Beasts)

   [amulet of the gourmand]

   It allows you to eat raw meat even when not hungry.
   It affects your strength (+5).
   It protects you from fire.
 R - a ring of stealth (right hand)
Wands
 l - a wand of clouds (2)
 q - a wand of paralysis (4)
 t - a wand of iceblast (18)
 w - a wand of polymorph (12)
 K - a wand of acid (10)
 V - a wand of flame (28)
Scrolls
 a - 2 scrolls of enchant weapon
 i - 3 scrolls of noise
 m - 8 scrolls of remove curse
 o - 3 scrolls of immolation
 u - 2 scrolls of brand weapon
 A - 2 scrolls of fear
 E - 2 scrolls of enchant armour
 G - 2 scrolls of identify
 J - 3 scrolls of teleportation
 N - a scroll of amnesia
 O - a scroll of torment
 W - a scroll of acquirement {unknown}
Potions
 b - 7 potions of heal wounds
 d - 3 potions of cancellation
 e - a potion of magic
 j - a potion of invisibility
 k - a potion of curing
 r - 2 potions of lignification
 v - 2 potions of brilliance
 x - 8 potions of flight
 C - 2 potions of might
 L - 3 potions of agility
 Q - a potion of berserk rage {unknown}
 T - a potion of experience {unknown}
 U - a potion of mutation
Miscellaneous
 z - a lightning rod (4/4)
 H - a phantom mirror
 P - a phial of floods
Comestibles
 c - 19 rations


   Skills:
 + Level 11.3 Fighting
 - Level 2.4 Dodging
 - Level 7.3 Stealth
 + Level 0.8 Shields
 + Level 19.0 Spellcasting
 - Level 14.9 Conjurations
 + Level 9.8 Summonings
 - Level 8.1 Fire Magic


You had 13 spell levels left.
You knew the following spells:

 Your Spells              Type           Power        Failure   Level  Hunger
a - Flame Tongue          Conj/Fire      #####        1%          1    None
b - Magic Dart            Conj           ####         0%          1    None
c - Conjure Flame         Conj/Fire      ######..     1%          3    None
d - Sticky Flame          Conj/Fire      ######..     1%          4    None
e - Fireball              Conj/Fire      ######....   1%          5    None
f - Blink                 Tloc           N/A          1%          2    None
g - Orb of Destruction    Conj           #######...   1%          7    #####..
h - Throw Flame           Conj/Fire      ######       1%          2    None
i - Summon Mana Viper     Hex/Summ       #####...     4%          5    None
j - Call Imp              Summ           ######..     1%          2    None
k - Spellforged Servitor  Conj/Summ      ######....   1%          7    #####..

Your spell library contained the following spells:

 Spells                   Type           Power        Failure   Level  Hunger
 Lee's Rapid Deconstruct  Erth           ###.......   9%          5    None
 Beastly Appendage        Tmut           ###...       1%          1    None
 Confusing Touch          Hex            ###...       1%          1    None
 Summon Butterflies       Summ           ######..     1%          1    None
 Corpse Rot               Necr           N/A          1%          2    None
 Shroud of Golubria       Chrm/Tloc      ###.......   1%          2    None
 Slow                     Hex            ###.....     1%          2    None
 Sticks to Snakes         Tmut           ###.....     1%          2    None
 Call Canine Familiar     Summ           ######..     1%          3    None
 Inner Flame              Hex/Fire       #####...     1%          3    None
 Mephitic Cloud           Conj/Pois/Air  #####...     1%          3    None
 Stone Arrow              Conj/Erth      ######       1%          3    None
 Summon Ice Beast         Ice/Summ       #####...     1%          4    None
 Bolt of Magma            Conj/Fire/Erth ######....   1%          5    None
 Iskenderun's Battlesphe  Conj/Chrm      ######..     1%          5    None
 Venom Bolt               Conj/Pois      ######....   1%          5    None
 Iron Shot                Conj/Erth      ######....   2%          6    ###....
 Confuse                  Hex            ###.....     3%          3    None
 Gell's Gravitas          Tloc           ###.......   3%          3    None
 Lesser Beckoning         Tloc           ###.......   3%          3    None
 Spider Form              Tmut/Pois      ###.......   3%          3    None
 Teleport Other           Tloc           ###.....     3%          3    None
 Summon Forest            Summ/Tloc      #####.....   4%          5    None
 Yara's Violent Unravell  Hex/Tmut       ###.......   9%          5    None
 Ice Form                 Ice/Tmut       ###.....     12%         4    None
 Leda's Liquefaction      Hex/Erth       ###.......   12%         4    None
 Passage of Golubria      Tloc           N/A          12%         4    None
 Petrify                  Tmut/Erth      ###.....     12%         4    None
 Summon Hydra             Summ           ######....   17%         7    #####..
 Blade Hands              Tmut           ###.......   30%         5    None
 Metabolic Englaciation   Hex/Ice        ###.......   30%         5    None
 Hydra Form               Tmut           ###.......   83%         6    ###....


Dungeon Overview and Level Annotations

Branches:
Dungeon (12/15)            Temple (1/1) D:4            Lair (6/6) D:11
  Swamp (0/4) Lair:3       Spider (2/4) Lair:3        Slime (0/5) Lair:5
    Orc (2/2) D:12            Elf (0/3) Orc:2

Altars:
Ashenzari
Cheibriados
Dithmenos
Elyvilon
Fedhas
Gozag
Hepliaklqana
Kikubaaqudgha
Makhleb
Nemelex Xobeh
Okawaru
Qazlal
Ru
Sif Muna
Trog
Uskayaw
Vehumet
Wu Jian
Xom
Yredelemnul
Zin
The Shining One
Beogh

Shops:
D:5 *   D:10 %   D:12 (   Orc:1 !   Orc:2 !:[}

Annotations:
D:5 2 transporters, lysyklops's ghost, amateur GrFi
Lair:1 exclusion: oklob plant
Lair:5 exclusion: oklob plant
Spider:1 2 transporters


Innate Abilities, Weirdness & Mutations

Scrolls take you longer to read.
You possess an exceptional clarity of mind.
You expend magic power (3 MP) to strengthen your wands.


Message History

The moth of wrath burns!
The wolf spider hits your spellforged servitor!!
The wolf spider completely misses your spellforged servitor.
Something pounces on your spellforged servitor.
Something bites your spellforged servitor.
The wolf spider hits your spellforged servitor!
The wolf spider barely misses your spellforged servitor.
The moth of wrath bites you.
* * * LOW HITPOINT WARNING * * *
Something closely misses your spellforged servitor. x2
The wolf spider hits your spellforged servitor!!
The wolf spider bites your spellforged servitor.
Casting: Sticky Flame (safe; 1% risk of failure)
Confirm with . or Enter, or press ? or * to list all spells.
You blink.
You hear an angry hiss.
The wolf spider hits you!!
* * * LOW HITPOINT WARNING * * *
The wolf spider bites you!
You die...

*โ‰ˆ,,,,,,...................#..,,,
โ‰ˆ,,,,,,,......#................,,
,,,*,,,,#..................^#...,
,*,,,,,,....................^....
,,,,,,,,..........#...#...$.....<
,,,,,,,,*.^......................
,,,,,,,,,***#.........^..........
,,,,,,,,,* ###...................
,,,,,*,,,*##.s#s@................
,,,,,,,,,*#8#).#.......<..#.#....
,,,,,,,,,*#..#y##................
,,,,,,,,**#..ยง###...[............
,,,,,,,,,*##### #............<...
,,*,,,,,,*******#...........%....
,,,,,,,,,,,,,,,,..^...#..........
**,,*,,,,,,,,,,,..........#......
โ‰ˆ,*,,,,,,,,,,,,,,...$............


You could see a wolf spider (berserk).

Vanquished Creatures
  Jorgrun (Spider:1)
  Kirke (Spider:1)
  An orc warlord (Orc:2)
  Snorg (D:11)
  An ice dragon (Spider:2)
  Harold (D:8)
  5 hydras
  An ogre mage (Orc:2)
  3 two-headed ogres
  An alligator (Lair:6)
  6 death yaks
  An unseen horror (D:10)
  5 skeletal warriors
  A wolf spider (Spider:1)
  4 orc knights
  2 orb spiders
  3 ugly things
  11 orc sorcerers (Orc:2)
  2 manticores (D:12)
  4 salamanders (Volcano)
  3 elephants (Lair:5)
  Maurice (D:8)
  2 ice statues (IceCv)
  7 black mambas
  A torpor snail (Lair:4)
  Psyche (D:9)
  9 spiny frogs
  3 demonic crawlers (Spider:1)
  8 komodo dragons
  5 ice devils (IceCv)
  8 jumping spiders
  5 hornets (Lair:6)
  5 polar bears
  6 trolls
  3 slime creatures (Lair:5)
  8 hippogriffs
  13 blink frogs
  9 redbacks (Spider:1)
  A wraith (D:11)
  36 yaks
  10 spriggans
  4 wyverns
  A tarantella (Spider:1)
  A hog (Spider:1)
  3 basilisks
  2 hungry ghosts
  4 vampire mosquitoes (D:12)
  A steam dragon (D:9)
  2 insubstantial wisps (D:9)
  An acid dragon (D:11)
  2 wargs
  9 water moccasins
  8 porcupines
  28 orc warriors
  A swamp drake (Lair:3)
  4 ice beasts
  8 sky beasts
  A phantom (D:5)
  3 necrophages
  An eye of draining (D:9)
  6 black bears
  5 boggarts (Lair:6)
  41 wolves
  13 ogres
  3 centaurs
  16 crocodiles
  4 big kobolds
  9 bullfrogs
  A water moccasin zombie (D:10)
  A scorpion (D:9)
  16 killer bees
  10 wights
  An electric eel (Lair:4)
  A howler monkey (D:6)
  3 jellies
  A bullfrog zombie (D:9)
  5 crimson imps
  38 orc wizards
  A quasit (D:10)
  15 orc priests
  3 hounds
  6 bullfrog skeletons
  A centaur skeleton (D:8)
  7 iguanas
  8 worker ants
  A killer bee zombie (D:7)
  A hound zombie (D:9)
  A hound skeleton (D:7)
  A worker ant zombie (D:5)
  Robin (D:2)
  8 gnolls
  15 adders
  8 shadow imps
  3 white imps (IceCv)
  3 ufetubi (IceCv)
  An ooze (D:3)
  An adder skeleton (D:9)
  2 worms (D:3)
  A dart slug (D:1)
  5 leopard geckos
  84 orcs
  14 giant cockroaches
  12 goblins
  10 hobgoblins
  4 jackals
  7 quokkas
  8 bats
  2 frilled lizards
  27 kobolds
  2 leopard gecko skeletons (D:4)
  5 rats
  A butterfly (Lair:5)
  3 fungi (Lair:6)
  3 plants (Lair:1)
732 creatures vanquished.

Vanquished Creatures (collateral kills)
  A blizzard demon (IceCv)
  A hydra (Lair:6)
  A salamander mystic (Volcano)
  A hell knight (Volcano)
  An orb spider (Spider:1)
  2 salamanders (Volcano)
  9 ice devils (IceCv)
  A jumping spider (Spider:1)
  A redback (Spider:1)
  3 yaks (Lair:6)
  A white imp (IceCv)
22 creatures vanquished.

Vanquished Creatures (others)
  2 humans (Spider:1)
  6 white imps (IceCv)
  4 ufetubi (IceCv)
  2 bushes (Lair:6)
  14 fungi
  28 plants
56 creatures vanquished.

Grand Total: 810 creatures vanquished

Notes
Turn   | Place    | Note
-------+----------+-------------------------------------------
     0 | D:1      | brandon the Deep Elf Fire Elementalist began the quest for
                  | the Orb.
     0 | D:1      | Reached XP level 1. HP: 10/10 MP: 6/6
   377 | D:1      | Reached XP level 2. HP: 15/15 MP: 5/8
   382 | D:1      | Learned a level 2 spell: Throw Flame
  1306 | D:2      | Noticed a sky beast
  1413 | D:2      | Reached XP level 3. HP: 19/19 MP: 2/10
  1507 | D:2      | Learned a level 3 spell: Conjure Flame
  1514 | D:2      | Found a sacrificial altar of Ru.
  1785 | D:2      | Noticed Robin
  1886 | D:2      | Killed Robin
  1886 | D:2      | Reached XP level 4. HP: 24/24 MP: 0/11
  2049 | D:2      | Found a faded altar of an unknown god.
  2257 | D:3      | Found a glowing silver altar of Zin.
  2518 | D:3      | Reached skill level 4 in Spellcasting
  3089 | D:3      | Found a glowing golden altar of the Shining One.
  3181 | D:3      | Reached XP level 5. HP: 28/28 MP: 6/13
  3612 | D:4      | Found a hide-covered altar of Uskayaw.
  3654 | D:4      | Found a staircase to the Ecumenical Temple.
  3663 | Temple   | Entered the Ecumenical Temple
  3702 | Temple   | Became a worshipper of Vehumet
  3947 | D:4      | Found an ornate altar of the Wu Jian Council.
  3947 | D:4      | Found a basalt altar of Yredelemnul.
  4127 | D:4      | Noticed an ogre
  4132 | D:4      | Killed an ogre
  4132 | D:4      | Reached XP level 6. HP: 32/32 MP: 6/15
  4410 | D:5      | Entered Level 5 of the Dungeon
  4421 | D:5      | Reached skill level 5 in Spellcasting
  4447 | D:5      | Learned a level 4 spell: Sticky Flame
  4453 | D:5      | Learned a level 5 spell: Fireball
  4489 | D:5      | Reached skill level 5 in Conjurations
  4585 | D:5      | Found a sparkling altar of Nemelex Xobeh.
  4871 | D:5      | Reached XP level 7. HP: 36/36 MP: 6/17
  4938 | D:5      | Found a transporter.
  4940 | D:5      | Found a transporter.
  4941 | D:5      | Noticed lysyklops's ghost (amateur GrFi)
  5026 | D:5      | Reached skill level 5 in Fire Magic
  5106 | D:5      | Reached skill level 5 in Stealth
  5161 | D:5      | Found Pojum's General Store.
  5168 | D:5      | Bought a scroll of identify for 24 gold pieces
  5192 | D:5      | Reached * piety under Vehumet
  5192 | D:5      | Offered knowledge of Sandblast by Vehumet.
  5205 | D:5      | Learned a level 1 spell: Sandblast
  5221 | D:5      | Bought a potion of degeneration for 12 gold pieces
  5221 | D:5      | Bought a potion of mutation for 96 gold pieces
  5221 | D:5      | Bought a potion of curing for 36 gold pieces
  5231 | D:5      | Found a bloodstained altar of Trog.
  6001 | D:6      | Learned a level 1 spell: Magic Dart
  6016 | D:6      | Reached skill level 6 in Spellcasting
  6075 | D:5      | Reached XP level 8. HP: 32/41 MP: 1/19
  7057 | D:6      | Found a blossoming altar of Fedhas.
  7150 | D:6      | Learned a level 2 spell: Blink
  7255 | D:7      | HP: 1/41 [orc warrior/tomahawk (9)]
  7265 | D:7      | Reached skill level 7 in Spellcasting
  7271 | D:7      | Offered knowledge of Shock by Vehumet.
  7271 | D:7      | Reached ** piety under Vehumet
  7631 | D:7      | Found an ancient bone altar of Kikubaaqudgha.
  7652 | D:7      | Found a hazy altar of Hepliaklqana.
  7926 | D:7      | Reached XP level 9. HP: 33/45 MP: 8/22
  8158 | D:7      | Found a burning altar of Makhleb.
  8753 | D:8      | Gained mutation: You are frail. (-10% HP) [potion of
                  | mutation]
  8753 | D:8      | Gained mutation: Your natural rate of healing is unusually
                  | fast. [potion of mutation]
  8753 | D:8      | Gained mutation: You are somewhat resistant to further
                  | mutation. [potion of mutation]
  8754 | D:8      | Lost mutation: You are frail. (-10% HP) [potion of
                  | mutation]
  8754 | D:8      | Lost mutation: You are somewhat resistant to further
                  | mutation. [potion of mutation]
  8754 | D:8      | Gained mutation: Armour fits poorly on your strangely
                  | shaped body. [potion of mutation]
  8754 | D:8      | Gained mutation: You possess an exceptional clarity of
                  | mind. [potion of mutation]
  8754 | D:8      | Gained mutation: You are somewhat resistant to further
                  | mutation. [potion of mutation]
  8887 | D:8      | Noticed Harold
  8906 | D:8      | Reached skill level 1 in Fighting
  8906 | D:8      | Reached skill level 8 in Spellcasting
  9234 | D:8      | Offered knowledge of Static Discharge by Vehumet.
  9243 | D:8      | Noticed Maurice
  9439 | D:8      | Found a blossoming altar of Fedhas.
  9547 | D:8      | Killed Harold
  9547 | D:8      | Reached skill level 10 in Conjurations
  9712 | D:8      | Found a shadowy altar of Dithmenos.
  9753 | D:8      | Reached XP level 10. HP: 54/54 MP: 18/24
  9805 | D:8      | Reached *** piety under Vehumet
  9805 | D:8      | Reached skill level 9 in Spellcasting
 10223 | D:8      | Killed Maurice
 10391 | D:8      | Learned a level 7 spell: Orb of Destruction
 11799 | D:9      | Found a bloodstained altar of Trog.
 11824 | D:9      | Found an opulent altar of Gozag.
 12278 | D:10     | Entered Level 10 of the Dungeon
 12468 | D:9      | Reached skill level 10 in Spellcasting
 12668 | D:9      | Offered knowledge of Iskenderun's Mystic Blast by Vehumet.
 12718 | D:9      | Noticed Psyche
 12868 | D:9      | Killed Psyche
 13608 | D:10     | Found Muluint's Food Emporium.
 13637 | D:10     | Reached **** piety under Vehumet
 13821 | D:10     | Reached XP level 11. HP: 62/62 MP: 1/27
 13944 | D:10     | Offered knowledge of Lightning Bolt by Vehumet.
 14375 | D:10     | Noticed an unseen horror
 14379 | D:10     | Killed an unseen horror
 15101 | D:11     | Noticed a skeletal warrior
 15105 | D:11     | Noticed a skeletal warrior
 15107 | D:11     | Noticed a skeletal warrior
 15115 | D:11     | Noticed a skeletal warrior
 15509 | D:11     | Killed a skeletal warrior
 15509 | D:11     | Reached skill level 5 in Fighting
 15509 | D:11     | Reached skill level 11 in Spellcasting
 15711 | D:11     | Noticed a skeletal warrior
 15714 | D:10     | Killed a skeletal warrior
 15815 | D:10     | Killed a skeletal warrior
 16045 | D:11     | Killed a skeletal warrior
 16047 | D:11     | Killed a skeletal warrior
 16200 | D:11     | Noticed Snorg
 16214 | D:11     | Noticed a two-headed ogre
 16368 | D:11     | Killed Snorg
 16546 | D:11     | Found a staircase to the Lair.
 16612 | D:11     | Noticed a brown ugly thing
 16621 | D:11     | Noticed a cyan ugly thing
 16827 | D:12     | Reached ***** piety under Vehumet
 16874 | D:12     | Offered knowledge of Poison Arrow by Vehumet.
 16874 | D:12     | Reached skill level 12 in Spellcasting
 17276 | D:12     | Found Figad's Antique Weapon Emporium.
 17503 | D:12     | Found a staircase to the Orcish Mines.
 17629 | D:12     | Noticed a green ugly thing
 17685 | D:12     | Killed a green ugly thing
 17685 | D:12     | Reached XP level 12. HP: 70/70 MP: 4/30
 18379 | D:11     | Noticed a two-headed ogre
 18528 | D:11     | Killed a two-headed ogre
 18528 | D:11     | Reached skill level 13 in Spellcasting
 18664 | D:11     | Killed a two-headed ogre
 19126 | Lair:1   | Entered Level 1 of the Lair of Beasts
 19874 | Lair:1   | Reached skill level 14 in Spellcasting
 21577 | Lair:2   | Reached skill level 15 in Spellcasting
 22141 | Lair:3   | Found a hole to the Spider Nest.
 22275 | Lair:3   | Found a staircase to the Swamp.
 22278 | Lair:3   | Reached XP level 13. HP: 78/78 MP: 24/34
 22919 | Lair:3   | Got a brightly glowing jade amulet
 23405 | Lair:4   | Identified the amulet of Icraot {Gourm rF+ Str+5} (You
                  | found it on level 3 of the Lair of Beasts)
 23416 | Lair:4   | Offered knowledge of Olgreb's Toxic Radiance by Vehumet.
 24011 | Lair:4   | Got a fine trident
 24012 | Lair:4   | Identified the cursed +0 trident of Jamearub {pierce, +Inv
                  | rN+ Str-5} (You found it on level 4 of the Lair of Beasts)
 24472 | Lair:4   | Reached skill level 16 in Spellcasting
 25177 | Lair:5   | Found a staircase to the Slime Pits.
 25463 | Lair:5   | Learned a level 2 spell: Call Imp
 25527 | Lair:5   | Reached skill level 1 in Summonings
 26567 | Lair:5   | Found a shattered altar of Ashenzari.
 27106 | Lair:6   | Entered Level 6 of the Lair of Beasts
 27437 | Lair:6   | Reached skill level 17 in Spellcasting
 27640 | Lair:6   | Lost mutation: Your natural rate of healing is unusually
                  | fast. [potion of mutation]
 27640 | Lair:6   | Lost mutation: You are somewhat resistant to further
                  | mutation. [potion of mutation]
 27640 | Lair:6   | Lost mutation: Armour fits poorly on your strangely shaped
                  | body. [potion of mutation]
 27640 | Lair:6   | Lost mutation: You possess an exceptional clarity of mind.
                  | [potion of mutation]
 27640 | Lair:6   | Gained mutation: You are frail. (-10% HP) [potion of
                  | mutation]
 27640 | Lair:6   | Gained mutation: Your muscles are strong. (Str +2) [potion
                  | of mutation]
 27640 | Lair:6   | Gained mutation: You have very sharp teeth. [potion of
                  | mutation]
 27641 | Lair:6   | Lost mutation: You have very sharp teeth. [potion of
                  | mutation]
 27641 | Lair:6   | Lost mutation: You are frail. (-10% HP) [potion of
                  | mutation]
 27641 | Lair:6   | Lost mutation: Your muscles are strong. (Str +2) [potion of
                  | mutation]
 27641 | Lair:6   | Gained mutation: Your body sometimes deteriorates upon
                  | taking damage. [potion of mutation]
 27641 | Lair:6   | Lost mutation: Your body sometimes deteriorates upon taking
                  | damage. [potion of mutation]
 27641 | Lair:6   | Gained mutation: You are agile. (Dex +2) [potion of
                  | mutation]
 27642 | Lair:6   | Lost mutation: You are agile. (Dex +2) [potion of mutation]
 27642 | Lair:6   | Gained mutation: Scrolls take you a little longer to read.
                  | [potion of mutation]
 27642 | Lair:6   | Gained mutation: Scrolls take you longer to read. [potion
                  | of mutation]
 27642 | Lair:6   | Gained mutation: You expend magic power (3 MP) to
                  | strengthen your wands. [potion of mutation]
 27642 | Lair:6   | Gained mutation: You possess an exceptional clarity of
                  | mind. [potion of mutation]
 27736 | Lair:6   | Reached XP level 14. HP: 86/86 MP: 31/37
 27803 | Lair:6   | Reached skill level 5 in Summonings
 28904 | Lair:6   | Paralysed by a spriggan for 7 turns
 29637 | Lair:5   | Learned a level 7 spell: Spellforged Servitor
 29991 | Lair:6   | Got an ancient battleaxe
 30249 | Lair:6   | Reached skill level 10 in Fighting
 30544 | Lair:6   | Identified the +5 battleaxe "Tifatim" {pain, +Fly rElec rC-
                  | MP+9} (You found it on level 6 of the Lair of Beasts)
 31045 | Orc:1    | Entered Level 1 of the Orcish Mines
 31172 | Orc:1    | Offered knowledge of Bolt of Fire by Vehumet.
 31302 | Orc:1    | Found a dark tunnel.
 31307 | Volcano  | Entered a volcano
 31338 | Volcano  | Found a bloodstained altar of Trog.
 31875 | Orc:1    | Reached skill level 18 in Spellcasting
 32165 | Orc:1    | Found Zagu's Distillery.
 32286 | Orc:1    | Bought a potion of brilliance for 52 gold pieces
 32554 | Orc:2    | Entered Level 2 of the Orcish Mines
 32833 | Orc:2    | Found a radiant altar of Vehumet.
 33012 | Orc:2    | Noticed an orc warlord
 33016 | Orc:2    | Killed an orc warlord
 33029 | Orc:2    | Reached ****** piety under Vehumet
 33285 | Orc:2    | Found a staircase to the Elven Halls.
 33483 | Orc:2    | Found Paaloukh's Gadget Shop.
 33597 | Orc:2    | Found Ceraf's Distillery.
 33611 | Orc:2    | Bought a potion of mutation for 88 gold pieces
 33629 | Orc:2    | Bought a wand of flame (28) for 195 gold pieces
 33629 | Orc:2    | Bought a wand of iceblast (2) for 78 gold pieces
 33634 | Orc:2    | Offered knowledge of Lee's Rapid Deconstruction by Vehumet.
 33644 | Orc:2    | Found an ancient bone altar of Kikubaaqudgha.
 33751 | Orc:2    | Paralysed by an orc sorcerer for 4 turns
 34011 | Orc:2    | Found a roughly hewn altar of Beogh.
 34011 | Orc:2    | Found Xuggyir's Antique Armour Boutique.
 34021 | Orc:2    | Found Yxkargh's Book Shop.
 34058 | Orc:2    | Found a radiant altar of Vehumet.
 34773 | Spider:1 | Entered Level 1 of the Spider Nest
 34773 | Spider:1 | Found a transporter.
 34881 | Spider:1 | Noticed Jorgrun
 34887 | Spider:1 | Killed Jorgrun
 34887 | Spider:1 | Reached XP level 15. HP: 54/94 MP: 17/39
 35295 | Spider:1 | Noticed Kirke
 35302 | Spider:1 | Killed Kirke
 35302 | Spider:1 | Noticed a ghost moth
 35365 | Lair:3   | HP: 3/94 [ghost moth (8)]
 36869 | Spider:1 | Found a transporter.
 37396 | Spider:2 | Found a frozen archway.
 37415 | IceCv    | Entered an ice cave
 37988 | IceCv    | Found the +3 pair of gauntlets of War {Slay+5}
 38021 | IceCv    | Learned a level 5 spell: Summon Mana Viper
 38242 | IceCv    | Reached skill level 19 in Spellcasting
 39150 | Spider:2 | Mangled by a wolf spider

Skill      XL: |  1  2  3  4  5  6  7  8  9 10 11 12 13 14 15 |
---------------+----------------------------------------------+-----
Conjurations   | 2 3 4 5 6 8 10 11 13 14 | 14.9
Stealth        | 3 4 5 7 |  7.3
Spellcasting   | 4 5 6 7 8 10 12 15 17 18 19 | 19.0
Fire Magic     | 4 5 6 7 8 |  8.1
Fighting       | 2 4 6 7 9 11 | 11.3
Summonings     | 4 9 |  9.8
Dodging        | |  2.4
Shields        | |  0.8

Action                   |  1- 3 |  4- 6 |  7- 9 | 10-12 | 13-15 || total
-------------------------+-------+-------+-------+-------+-------++-------
Melee: Dagger            |       |       |     3 |       |       ||     3
       Short sword       |       |       |     1 |     1 |       ||     2
       Unarmed           |       |       |     1 |       |       ||     1
       Staff             |       |       |       |     5 |    18 ||    23
 Cast: Flame Tongue      |    45 |    77 |    91 |   326 |   389 ||   928
       Throw Flame       |    16 |    54 |    10 |       |       ||    80
       Conjure Flame     |     1 |     4 |     3 |    17 |     7 ||    32
       Sticky Flame      |       |     2 |    22 |   105 |   105 ||   234
       Magic Dart        |       |       |    60 |   204 |   149 ||   413
       Fireball          |       |       |    30 |    48 |    89 ||   167
       Blink             |       |       |     1 |    21 |    29 ||    51
       Orb of Destructio |       |       |       |    79 |   165 ||   244
       Spellforged Servi |       |       |       |       |    12 ||    12
       Summon Mana Viper |       |       |       |       |     3 ||     3
Evoke: Wand              |       |       |     9 |       |     1 ||    10
       Phantom mirror    |       |       |       |       |     1 ||     1
  Use: Scroll            |     3 |     2 |     9 |    10 |    19 ||    43
       Potion            |       |       |     5 |     1 |     6 ||    12
  Eat: Chunk             |     3 |    11 |    10 |    31 |    83 ||   138
       Ration            |       |       |     4 |    14 |     4 ||    22
Armor: Robe              |     3 |     4 |     8 |    14 |    63 ||    92
       Troll leather arm |       |       |       |     5 |       ||     5
       Steam dragon scal |       |       |       |     6 |       ||     6
Dodge: Dodged            |    13 |    14 |    45 |   110 |   160 ||   342
Block: Buckler           |       |       |       |       |     6 ||     6
